 Dungeon Crawl Stone Soup version 0.21.1-1-g345015f (webtiles) character file.

5915 Supreme the Geomancer (level 10, 0/59 HPs)
             Began as a Gargoyle Earth Elementalist on Apr 16, 2018.
             Was a Believer of Vehumet.
             Slain by a wraith (2 damage)
             ... led by Josephine
             ... on level 10 of the Dungeon.
             The game lasted 01:35:57 (8094 turns).

Supreme the Geomancer (Gargoyle Earth Elementalist) Turns: 8094, Time: 01:35:57

Health: 0/59       AC: 12    Str: 12    XL:     10   Next: 83%
Magic:  1/22       EV: 19    Int: 24    God:    Vehumet [**....]
Gold:   622        SH:  0    Dex: 15    Spells: 10/25 levels left

rFire    + . .     SeeInvis .   Q - +2 flail (crush)
rCold    + . .     Gourm    .   (no shield)
rNeg     + . .     Faith    .   c - +0 robe
rPois    ∞         Spirit   .   (no helmet)
rElec    +         Reflect  .   x - +0 cloak
rCorr    +         Harm     .   k - +0 pair of gloves
MR       .....                  R - +0 pair of boots
Stlth    +++++.....             (no amulet)
HPRegen  0.19/turn              A - +1 ring of evasion
MPRegen  0.18/turn              a - ring of stealth

@: brilliant, agile, resistant, slowed, very slow
A: negative energy resistance 1, electricity resistance, unbreathing,
petrification resistance, rot immunity, AC +7
a: Renounce Religion


You were on level 10 of the Dungeon.
You worshipped Vehumet.
Vehumet was pleased with you.
You were not hungry.

You visited 2 branches of the dungeon, and saw 11 of its levels.
You also visited: Ossuary.

You collected 622 gold pieces.

Inventory:

Hand Weapons
 v - a +3 quarterstaff of chaos
 w - the +1 falchion "Omusexte" {slice, rElec rPois Dex-3}
   (You found it on level 4 of the Dungeon)

   It inflicts extra damage upon your enemies.
   It affects your dexterity (-3).
   It insulates you from electricity.
   It protects you from poison.
 P - a +0 shortbow
 Q - a +2 flail of crushing (weapon)
Missiles
 b - 37 stones (quivered)
 u - 60 poisoned needles
 D - 59 arrows
Armour
 c - a +0 robe (worn)
 k - a +0 pair of gloves (worn)
 x - a +0 cloak (worn)
 R - a +0 pair of boots (worn)
 T - a +1 robe of cold resistance
Jewellery
 a - a ring of stealth (right hand)
 A - a +1 ring of evasion (left hand)
 B - an uncursed ring of protection from fire
Wands
 r - a wand of digging (7)
 s - a wand of flame (21)
Scrolls
 i - 6 scrolls of identify
 m - 2 scrolls of teleportation
 n - 4 scrolls of remove curse
 o - 6 scrolls of fog
 q - 2 scrolls of amnesia {unknown}
 E - 2 scrolls of magic mapping {unknown}
 F - 2 scrolls of fear {unknown}
 H - a scroll of enchant armour {unknown}
 J - a scroll of blinking {unknown}
 M - a scroll of random uselessness {unknown}
 N - a scroll of summoning {unknown}
 S - a scroll of immolation {unknown}
Potions
 f - 2 potions of ambrosia
 j - 2 potions of agility
 l - 3 potions of mutation
 t - 2 potions of flight
 z - 2 potions of brilliance
 C - a potion of magic
 I - 2 potions of cancellation
 L - a potion of resistance
 O - a potion of might {unknown}
Books
 e - a book of Changes

   Spells                             Type                      Level
   a - Beastly Appendage              Transmutation                1
   b - Sticks to Snakes               Transmutation                2
   c - Spider Form                    Transmutation/Poison         3
   d - Ice Form                       Ice/Transmutation            4
   e - Blade Hands                    Transmutation                5
 p - a book of Power

   Spells                             Type                      Level
   a - Iskenderun's Battlesphere      Conjuration/Charms           5
   b - Venom Bolt                     Conjuration/Poison           5
   c - Bolt of Magma                  Conjuration/Fire/Earth       5
   d - Iron Shot                      Conjuration/Earth            6
   e - Orb of Destruction             Conjuration                  7
   f - Spellforged Servitor           Conjuration/Summoning        7
 y - a book of Power

   Spells                             Type                      Level
   a - Iskenderun's Battlesphere      Conjuration/Charms           5
   b - Venom Bolt                     Conjuration/Poison           5
   c - Bolt of Magma                  Conjuration/Fire/Earth       5
   d - Iron Shot                      Conjuration/Earth            6
   e - Orb of Destruction             Conjuration                  7
   f - Spellforged Servitor           Conjuration/Summoning        7
 K - a book of Beasts

   Spells                             Type                      Level
   a - Summon Butterflies             Summoning                    1
   b - Call Canine Familiar           Summoning                    3
   c - Summon Ice Beast               Ice/Summoning                4
   d - Summon Mana Viper              Hexes/Summoning              5
   e - Summon Hydra                   Summoning                    7
Comestibles
 d - 15 rations


   Skills:
 + Level 5.3 Fighting
 + Level 2.2 Maces & Flails
 - Level 3.0 Dodging
 - Level 5.0 Stealth
 + Level 8.1 Spellcasting
 * Level 4.7 Conjurations
 + Level 0.1 Summonings
 - Level 1.0 Transmutations
 + Level 12.3 Earth Magic


You had 10 spell levels left.
You knew the following spells:

 Your Spells              Type           Power        Failure   Level  Hunger
a - Sandblast             Erth           ######       1%          1    None
b - Passwall              Tmut/Erth      ######....   1%          2    None
c - Stone Arrow           Conj/Erth      ######       1%          3    None
d - Lee's Rapid Deconstr  Erth           ######....   1%          5    #####..
e - Sticks to Snakes      Tmut           ####....     1%          2    None
f - Summon Butterflies    Summ           ####....     1%          1    None
g - Magic Dart            Conj           ####         1%          1    None


Dungeon Overview and Level Annotations

Branches:
Dungeon (10/15)            Temple (1/1) D:7             Orc (0/2) D:10
   Lair: D:8-11

Altars:
Ashenzari
Cheibriados
Dithmenos
Elyvilon
Fedhas
Gozag
Hepliaklqana
Kikubaaqudgha
Makhleb
Okawaru
Qazlal
Ru
Sif Muna
Vehumet
Wu Jian
Xom
Yredelemnul
The Shining One

Shops:
D:8 [

Annotations:
D:10 Maurice


Innate Abilities, Weirdness & Mutations

You are resistant to torment.
Your stone body is resilient. (AC +7)
You are immune to poison.
You resist negative energy. (rN+)
You are resistant to electric shocks. (rElec)
You can survive without breathing.
You are immune to petrification.
You are immune to rotting.


Message History

You kill Josephine!
Vehumet accepts your kill.
You feel your power returning.
Your life force feels restored.
Your Maces & Flails skill increases to level 2!
Your Spellcasting skill increases to level 8!
b - 37 stones Your butterfly disappears in a puff of smoke!
The wraith completely misses you. The wraith hits you.
* * * LOW HITPOINT WARNING * * *
The wraith drains your vigour!
You feel as though you will be slow longer.
The wraith hits you but does no damage. The wraith barely misses you.
Casting: Sandblast
Confirm with . or Enter, or press ? or * to list all spells.
Which direction?
The wraith hits you!
* * * LOW HITPOINT WARNING * * *
The wraith hits you.
You die...

....... #.....###.'..##.. .......
#.....# #.#..##.. .......######
#.....###@#..##.. #............#
#.........#..##..
#........##..####W........#..####
#........##..bbb.##+#######..#
#........##..b.§.#...........#
#........##.b.bW)#.......##'##
#........##..b.W@#..##...##..#
#............#####..##...##..#
#...#...####+# #..##...##..#
#.......# #...#.......# #...<...#
#####.......# #.......##
######### #.).........
#............ #........#....


You could see 3 wraiths.

Vanquished Creatures
  Josephine (D:10)
  Erolcha (D:10)
  A two-headed ogre (D:8)
  A hippogriff (D:8)
  A warg (D:10)
  A hornet zombie (D:9)
  An ice beast (D:6)
  6 ogres
  3 orc warriors
  3 phantoms
  A sky beast (D:6)
  2 centaurs
  3 bullfrogs
  2 water moccasin zombies (Ossuary)
  3 scorpions
  A howler monkey (D:7)
  3 crimson imps
  7 orc priests
  Crazy Yiuf (D:7)
  2 hounds
  9 orc wizards
  A centaur skeleton (D:6)
  A gnoll shaman (D:5)
  An iron imp (D:8)
  5 iguanas
  Natasha (thrice) (D:2)
  6 worker ants
  A big kobold zombie (Ossuary)
  A hound zombie (D:5)
  2 hound skeletons (D:4)
  2 mummies (Ossuary)
  A worker ant zombie (D:9)
  11 adders
  11 gnolls
  A howler monkey skeleton (D:7)
  3 shadow imps
  6 adder zombies
  2 adder skeletons
  3 worms
  A dart slug (D:4)
  3 leopard geckos
  29 orcs
  3 ball pythons (D:4)
  7 bats
  6 giant cockroaches
  3 goblins
  12 hobgoblins
  A quokka (D:5)
  A frilled lizard (D:1)
  4 hobgoblin zombies (Ossuary)
  A jackal skeleton (D:3)
  12 kobolds
  6 kobold zombies (Ossuary)
  5 orc zombies (Ossuary)
  12 rats
220 creatures vanquished.

Vanquished Creatures (others)
  19 fungi (D:10)
  12 plants (D:10)
31 creatures vanquished.

Grand Total: 251 creatures vanquished

Notes
Turn   | Place    | Note
-------+----------+-------------------------------------------
     0 | D:1      | Supreme the Gargoyle Earth Elementalist began the quest for the Orb.
     0 | D:1      | Reached XP level 1. HP: 10/10 MP: 3/3
   149 | D:1      | Reached XP level 2. HP: 9/15 MP: 5/5
   161 | D:1      | Learned a level 2 spell: Passwall
   169 | D:1      | Reached skill level 4 in Earth Magic
   810 | D:2      | Reached XP level 3. HP: 19/19 MP: 6/6
   862 | D:2      | Noticed Natasha
   907 | D:2      | Killed Natasha
   914 | D:2      | Reached XP level 4. HP: 5/24 MP: 0/7
  1059 | D:2      | Reached skill level 5 in Earth Magic
  1095 | D:2      | Noticed Natasha
  1114 | D:2      | Killed Natasha
  1143 | D:2      | Found a white marble altar of Elyvilon.
  1209 | D:2      | Noticed Natasha
  1245 | D:2      | Killed Natasha
  1245 | D:2      | Reached XP level 5. HP: 14/28 MP: 6/9
  1254 | D:2      | Learned a level 3 spell: Stone Arrow
  1592 | D:3      | Reached skill level 1 in Fighting
  1841 | D:3      | Noticed a phantom
  1930 | D:3      | Killed a phantom
  1930 | D:3      | Reached skill level 6 in Earth Magic
  1930 | D:3      | Reached XP level 6. HP: 25/34 MP: 0/10
  2612 | D:4      | Got a polished falchion
  2613 | D:4      | Identified the cursed +1 falchion "Omusexte" {slice, rElec rPois Dex-3} (You found it on level 4 of the Dungeon)
  2862 | D:4      | Reached XP level 7. HP: 38/38 MP: 12/12
  2878 | D:4      | Learned a level 5 spell: Lee's Rapid Deconstruction
  3009 | D:4      | Found a burning altar of Makhleb.
  3123 | D:5      | Entered Level 5 of the Dungeon
  3200 | D:5      | Reached skill level 7 in Earth Magic
  3905 | D:6      | Reached skill level 8 in Earth Magic
  4007 | D:6      | Reached XP level 8. HP: 44/44 MP: 10/14
  4240 | D:6      | Reached skill level 9 in Earth Magic
  4306 | D:6      | Found a stormy altar of Qazlal.
  4355 | D:6      | Reached skill level 5 in Spellcasting
  4617 | D:6      | Reached skill level 10 in Earth Magic
  4668 | D:6      | Found an iron altar of Okawaru.
  4686 | D:6      | Reached XP level 9. HP: 36/48 MP: 14/17
  5159 | D:7      | Found a sacrificial altar of Ru.
  5204 | D:7      | Found a staircase to the Ecumenical Temple.
  5213 | Temple   | Entered the Ecumenical Temple
  5306 | Temple   | Became a worshipper of Vehumet
  5688 | D:7      | Found a runed door.
  5692 | D:7      | Noticed Crazy Yiuf
  5696 | D:7      | Killed Crazy Yiuf
  5818 | D:8      | Reached skill level 1 in Transmutations
  5833 | D:8      | Found Foydgh's Armour Shoppe.
  5938 | D:8      | Reached skill level 11 in Earth Magic
  6057 | D:8      | Found a sand-covered staircase.
  6114 | Ossuary  | Entered an ossuary
  6234 | Ossuary  | Reached * piety under Vehumet
  6234 | Ossuary  | Offered knowledge of Sting by Vehumet.
  6285 | Ossuary  | Reached skill level 5 in Stealth
  6354 | D:8      | Found a shadowy altar of Dithmenos.
  6365 | D:8      | Reached skill level 1 in Conjurations
  6540 | D:8      | Found an iron altar of Okawaru.
  6582 | D:8      | Noticed a two-headed ogre
  6590 | D:8      | Learned a level 2 spell: Sticks to Snakes
  6603 | D:8      | Killed a two-headed ogre
  6603 | D:8      | Reached XP level 10. HP: 41/58 MP: 11/20
  7191 | D:9      | Learned a level 1 spell: Summon Butterflies
  7422 | D:9      | Offered knowledge of Magic Dart by Vehumet.
  7434 | D:9      | Learned a level 1 spell: Magic Dart
  7843 | D:10     | Entered Level 10 of the Dungeon
  7933 | D:10     | Noticed Maurice
  7950 | D:10     | Noticed Erolcha
  7960 | D:10     | Killed Erolcha
  7960 | D:10     | Reached skill level 5 in Fighting
  7960 | D:10     | Reached skill level 1 in Maces & Flails
  7960 | D:10     | Reached skill level 12 in Earth Magic
  7984 | D:10     | Reached ** piety under Vehumet
  7985 | D:10     | Noticed Josephine
  8001 | D:10     | Found a staircase to the Orcish Mines.
  8093 | D:10     | Killed Josephine
  8094 | D:10     | HP: 2/59 [wraith[Josephine] (10)]
  8094 | D:10     | Slain by a wraith

Skill      XL: |  1  2  3  4  5  6  7  8  9 10 |
---------------+-------------------------------+-----
Earth Magic    | 4 5 6 8 10 11 12 | 12.3
Dodging        | 2 3 |  3.0
Fighting       | 1 2 4 5 |  5.3
Stealth        | 3 4 5 |  5.0
Spellcasting   | 3 4 5 6 8 |  8.1
Transmutations | 1 |  1.0
Conjurations   | 2 4 |  4.7
Maces & Flails | 2 |  2.2
Summonings     | |  0.1

Action                   |  1- 3 |  4- 6 |  7- 9 | 10-12 || total
-------------------------+-------+-------+-------+-------++-------
Melee: Dagger            |    87 |    37 |       |       ||   124
       Mace              |       |   119 |       |       ||   119
       Falchion          |       |    14 |   140 |       ||   154
       Quarterstaff      |       |       |    89 |    70 ||   159
       Flail             |       |       |       |    34 ||    34
 Cast: Sandblast         |    20 |    46 |   101 |    29 ||   196
       Passwall          |       |     1 |     6 |     5 ||    12
       Lee's Rapid Decon |       |       |     5 |     7 ||    12
       Sticks to Snakes  |       |       |     2 |     5 ||     7
       Summon Butterflie |       |       |       |     2 ||     2
       Stone Arrow       |       |       |       |     1 ||     1
  Use: Scroll            |       |       |    12 |     3 ||    15
       Potion            |       |       |       |     9 ||     9
 Stab: Sleeping          |     4 |     6 |    11 |     1 ||    22
  Eat: Chunk             |       |     7 |    14 |     4 ||    25
       Ration            |       |       |       |     1 ||     1
Armor: Robe              |    22 |    78 |    89 |    52 ||   241
       Skin              |       |       |       |    31 ||    31
Dodge: Dodged            |    51 |   148 |   160 |   110 ||   469
       Rpst.: Falchion   |       |     4 |    27 |       ||    31
